 Dungeon Crawl Stone Soup version 0.28-a0-1616-g050a50673c (webtiles) character file.

Game seed: 12051052919308141511

1352 croobank the Cutter (level 8, -3/68 HPs)
             Began as a Demigod Air Elementalist on Jan 22, 2022.
             Slain by an ogre (26 damage)
             ... on level 6 of the Dungeon.
             The game lasted 00:23:10 (3920 turns).

croobank the Cutter (Demigod Air Elementalist)      Turns: 3920, Time: 00:23:10

Health: -3/68      AC:  5    Str: 17    XL:     8   Next: 14%
Magic:  9/14       EV: 11    Int: 20    God:
Gold:   169        SH:  0    Dex: 14    Spells: 2/10 levels left

rFire   . . .      SeeInvis .   d - +9 dagger of Bedazzling Exoneration {venom, Int+3 Stlth+}
rCold   . . .      Faith    .   (no shield)
rNeg    . . .      Spirit   .   k - +0 ring mail
rPois   .          Reflect  .   (no helmet)
rElec   .          Harm     .   (no cloak)
rCorr   .          Rampage  .   (no gloves)
Will    .....                   (no boots)
Stlth   ++........              i - amulet of magic regeneration
HPRegen 0.21/turn               (no ring)
MPRegen 0.54/turn               (no ring)

@: sluggish, very slow
A: high mp 1, forlorn, divine attributes
a: no special abilities


You were on level 6 of the Dungeon.
You visited 1 branch of the dungeon, and saw 5 of its levels.
You also visited: Sewer and Ossuary.

You collected 169 gold pieces.

Inventory:

Hand Weapons
 d - the +9 dagger of Bedazzling Exoneration (weapon) {venom, Int+3 Stlth+}
   (You took it off a goblin on level 2 of the Dungeon)

   It poisons the flesh of those it strikes.
   Int:       It affects your intelligence (+3).
   Stlth:     It makes you more stealthy.
 m - the +8 scythe "Xeruvoa" {freeze, Contam rN+++ MP+9 Int-5}
   (You found it on level 2 of the Dungeon)

   It freezes those it strikes, dealing additional cold damage.
   It can also slow down cold-blooded creatures.
   Int:       It affects your intelligence (-5).
   rN:        It renders you almost immune to negative energy.
   MP:        It affects your magic capacity (+9).
   Contam:    It causes magical contamination when unequipped.
Missiles
 a - 8 bolts
 e - 105 stones
 g - 44 sling bullets
 j - 11 poisoned darts (quivered)
Armour
 f - a +0 leather armour
 k - a +0 ring mail (worn)
Jewellery
 i - an amulet of magic regeneration (around neck)
 l - a ring of fire
Wands
 h - a wand of acid (5)
 s - a wand of flame (22)
Scrolls
 o - a scroll of fog
 q - a scroll of brand weapon
 r - a scroll of summoning {unknown}
 t - a scroll of teleportation
 x - a scroll of vulnerability {unknown}
Potions
 b - a potion of magic
 c - 6 potions of lignification
 n - a potion of mutation
 u - a potion of brilliance
 v - a potion of flight
 w - a potion of haste
 z - a potion of heal wounds
 A - a potion of curing {unknown}


   Skills:
 + Level 5.2 Fighting
 + Level 5.2 Short Blades
 + Level 4.7 Polearms
 - Level 2.0 Dodging
 - Level 2.0 Stealth
 - Level 1.9 Spellcasting
 - Level 1.1 Conjurations
 - Level 2.8 Air Magic


You had 2 spell levels left.
You knew the following spells:

 Your Spells              Type           Power      Damage    Failure   Level
a - Shock                 Conj/Air       36%        1d5       13%         1
b - Static Discharge      Conj/Air       9%         N/A       21%         2
c - Swiftness             Air            13%        N/A       28%         3
d - Wereblood             Tmut           1%         N/A       41%         2

Your spell library contained the following spells:

 Spells                   Type           Power      Damage    Failure   Level
 Sublimation of Blood     Necr           1%         N/A       41%         2
 Airstrike                Air            6%         N/A       67%         4
 Summon Hydra             Summ           0%         N/A       100%        7


Dungeon Overview and Level Annotations

Branches:
Dungeon (6/15)              Sewer (visited)         Ossuary (visited)
 Temple: D:4-7


Innate Abilities, Weirdness & Mutations

You have an increased reservoir of magic. (+10% MP)
You shall have no god before yourself.
Your divine heritage dramatically boosts your attributes as you level up.


Message History

Aim: an ogre, wielding a +0 giant spiked club (lightly wounded, 85% to hit)
The zap misses the ogre.
Casting: Shock (safe; 13% risk of failure)
Confirm with . or Enter, or press ? or * to list all spells.
Aiming: Shock (safe; 13% risk of failure)
Press: ? - help, Shift-Dir - straight line, f/p - ogre
Aim: an ogre, wielding a +0 giant spiked club (lightly wounded, 85% to hit)
The zap hits the ogre.
The ogre is lightly wounded.
You start to feel a little slower.
Casting: Shock (safe; 13% risk of failure)
Confirm with . or Enter, or press ? or * to list all spells.
The ogre is struck by an arc of lightning.
The ogre is lightly wounded.
The lightning grounds out.
The ogre hits you with a +0 giant spiked club.
Casting: Static Discharge (safe; 21% risk of failure)
Confirm with . or Enter, or press ? or * to list all spells.
The orc is struck by an arc of lightning.
The orc is severely wounded.
The lightning grounds out.
The ogre is struck by an arc of lightning.
The ogre is moderately wounded.
The lightning grounds out.
The orc hits you but does no damage.
You hit the ogre.
The ogre is poisoned.
The ogre is heavily wounded.
The ogre hits you with a +0 giant spiked club!
The orc closely misses you.
You hit the ogre but do no damage.
The ogre is heavily wounded.
The orc misses you.
The ogre hits you with a +0 giant spiked club!!
You barely miss the ogre.
The ogre is heavily wounded.
You hit the ogre.
The ogre looks as sick as possible!
The ogre is severely wounded.
You feel sluggish. The orc barely misses you.
The ogre hits you with a +0 giant spiked club!!
You die...

....# #.##.... #..####......###
.....## #.....##### #..#..#
##...>.....# #.....# #..#.......#
.#.#..###.#........#####
O#.##.....#.#......#...##
...............o........##
...............O@........#
..<.........####...<.....########
........<..## ###...............
...........# #......######.#.
...........# #.......# #...
...........# #.......# ##...
############ #.......# #...#
##......## #...# ##...#..###...#


You could see an ogre (extremely poisoned) and an orc.

Vanquished Creatures
  A steam dragon (D:6)
  A black bear (D:5)
  A centaur (D:5)
  2 ogres
  An elf zombie (Ossuary)
  3 scorpions
  A water moccasin zombie (D:5)
  2 human zombies (Ossuary)
  2 centaur zombies (Ossuary)
  3 jellies (D:5)
  2 iguanas (D:5)
  Ijyb (D:3)
  A hell rat (Sewer)
  3 orc wizards
  A hound zombie (D:5)
  2 mummies (Ossuary)
  A gnoll (D:1)
  A howler monkey skeleton (D:5)
  2 adders
  A river rat (Sewer)
  An ufetubus (D:5)
  2 adder zombies (Ossuary)
  A worm (D:6)
  4 dart slugs
  4 orcs (D:5)
  2 bats (D:1)
  5 endoplasms
  3 giant cockroaches
  10 goblins
  6 hobgoblins
  7 jackals
  2 quokkas (D:2)
  8 ball pythons
  2 frilled lizards (D:2)
  9 hobgoblin zombies (Ossuary)
  2 jackal zombies (Ossuary)
  2 kobolds
  12 kobold zombies (Ossuary)
  7 orc zombies (Ossuary)
  10 rats
131 creatures vanquished.

Vanquished Creatures (others)
  A plant (D:1)
1 creature vanquished.

Grand Total: 132 creatures vanquished

Notes
Turn   | Place    | Note
-------+----------+-------------------------------------------
     0 | D:1      | croobank the Demigod Air Elementalist began the quest for
                  | the Orb.
     0 | D:1      | Reached XP level 1. HP: 14/14 MP: 5/5
    31 | D:1      | Reached skill level 1 in Conjurations
   207 | D:2      | Identified the +9 dagger of Bedazzling Exoneration {venom,
                  | Int+3 Stlth+}
   240 | D:2      | Reached XP level 2. HP: 20/20 MP: 5/7
   495 | D:2      | Reached skill level 1 in Short Blades
   504 | D:2      | Reached skill level 1 in Fighting
   551 | D:1      | Reached XP level 3. HP: 28/28 MP: 8/8
  1263 | D:2      | Identified the +8 scythe "Xeruvoa" {freeze, Contam rN+++
                  | MP+9 Int-5}
  1369 | D:3      | Noticed Ijyb
  1380 | D:3      | Killed Ijyb
  1381 | D:3      | Reached XP level 4. HP: 27/36 MP: 9/9
  1600 | D:3      | You fall into a shaft and drop 2 floors!
  1600 | D:5      | Entered Level 5 of the Dungeon
  1610 | D:5      | Reached skill level 1 in Polearms
  1642 | D:5      | Noticed an ogre
  1657 | D:5      | Killed an ogre
  1658 | D:5      | Reached XP level 5. HP: 21/44 MP: 10/10
  1854 | D:5      | Noticed a black bear
  1879 | D:5      | Killed a black bear
  1880 | D:5      | Reached XP level 6. HP: 38/51 MP: 11/11
  1991 | D:5      | Found a sand-covered staircase.
  2001 | Ossuary  | Entered an ossuary
  2474 | Ossuary  | Reached XP level 7. HP: 31/58 MP: 12/12
  2986 | D:5      | Learned a level 2 spell: Static Discharge
  2990 | D:5      | Learned a level 3 spell: Swiftness
  2993 | D:5      | Learned a level 2 spell: Wereblood
  3299 | D:6      | Noticed a steam dragon
  3307 | D:6      | Killed a steam dragon
  3415 | D:6      | Found a glowing drain.
  3434 | Sewer    | Entered a sewer
  3465 | Sewer    | Reached skill level 5 in Short Blades
  3611 | D:6      | Reached skill level 5 in Fighting
  3611 | D:6      | Reached XP level 8. HP: 28/68 MP: 12/14
  3920 | D:6      | Slain by an ogre

Illustrated notes

Levels and vault maps discovered:
D:1:      dpeg_arrival_radiant, layout_rooms, nicolae_grassy_gnolls
D:2:      layout_basic, kennysheep_generic_room_15
D:3:      layout_basic, lightli_temple_of_fire, hangedman_decor_points,
          kennysheep_generic_room_10, uniq_robin, uniq_ijyb,
          uniq_crazy_yiuf_cottage
D:5:      minmay_evil_eye, layout_loops_ring, nicolae_ossuary_entry_monument
D:6:      layout_rooms, mainiacjoe_overflow_cross_hatched,
          cheibrodos_sewer_entry_bend

Skill      XL: |  1  2  3  4  5  6  7 |
---------------+----------------------+-----
Conjurations   | 1 |  1.1
Stealth        | 2 |  2.0
Dodging        | 2 |  2.0
Short Blades   | 1 2 3 5 |  5.2
Fighting       | 1 2 3 5 |  5.2
Polearms       | 1 2 3 4 |  4.7
Spellcasting   | |  1.9
Air Magic      | |  2.8

Action                   |  1- 3 |  4- 6 |  7- 9 || total
-------------------------+-------+-------+-------++-------
Melee: Dagger            |    74 |   162 |   106 ||   342
       Punch             |       |     5 |     2 ||     7
 Cast: Shock             |    16 |     2 |    14 ||    32
       Swiftness         |       |       |     3 ||     3
       Static Discharge  |       |       |     2 ||     2
  Use: Scroll            |     4 |     1 |     8 ||    13
       Potion            |       |       |     1 ||     1
 Stab: Sleeping          |     4 |     5 |     5 ||    14
Armor: Robe              |     3 |       |       ||     3
       Leather armour    |     5 |       |       ||     5
       Ring mail         |     4 |    64 |    17 ||    85
Dodge: Dodged            |    45 |    75 |    35 ||   155

Table legend: (Time is in decaauts)
 A = Elapsed time spent in this place.
 B = Non-inter-level travel time spent in this place.
 C = Inter-level travel time spent in this place.
 D = Time resting spent in this place.
 E = Time spent auto-exploring this place.
 F = Levels seen in this place.
 G = Mean time per level.
                   A        B        C        D        E       F      G
               +--------+--------+--------+--------+--------+-----+--------+
         Total |   3872 |   3789 |     83 |    732 |   1584 |   7 |  553.1 |
       Dungeon |   3022 |   2939 |     83 |    319 |   1562 |   5 |  604.4 |
         Sewer |    113 |    113 |      0 |      0 |     22 |   1 |  113.0 |
       Ossuary |    736 |    736 |      0 |    413 |      0 |   1 |  736.0 |
               +--------+--------+--------+--------+--------+-----+--------+

Top non-repeatable levels by time:
     D:5: 1128 daAuts
 Ossuary: 736 daAuts
     D:1: 713 daAuts
     D:2: 625 daAuts
     D:6: 299 daAuts
     D:3: 254 daAuts
   Sewer: 113 daAuts
